AoeStats
← O grande

Arabia

507460523Analyzed
1v1 RM · 13d ago on Sep 18, 2026· 32m 58s· 2 players
Game mode
Random Map
Map size
Tiny (2 player)
Population
200
Speed
Normal
Resources
Standard
Victory
Conquest
Starting age
Dark Age
Ending age
Imperial Age
RankedLock teamsTeams togetherTeam positionsShared explorationLock speedFull tech treeHidden civsTurbo modeCheats
Victory
Defeat
🇧🇷 Berbers · Brazil
2020
+15
🇺🇸 Vietnamese · United States
1993
-15
twitch.tv/s0laf1d3
3:26 Loom
10:15 Feudal Age
10:51 Double-Bit Axe
10:29 Man-at-Arms
13:06 Horse Collar
16:12 Fletching
23:20 Castle Age
21:58 Scale Mail Armor
22:17 Padded Archer Armor
22:29 Forging
24:06 Squires
24:22 Chain Mail Armor
30:15 Bodkin Arrow
O grande
5:10 Loom
9:35 Feudal Age
11:00 Double-Bit Axe
16:27 Town Watch
20:24 Castle Age
19:01 Fletching
19:37 Padded Archer Armor
21:28 Horse Collar
22:06 Bow Saw
27:27 Wheelbarrow
26:48 Gold Mining
27:25 Bodkin Arrow
29:20 Leather Archer Armor
31:15 Ballistics
31:29 Bloodlines
Connection lost

Rejoining the realm…

Still unreachable

The connection could not be restored.

Session expired

The server has moved on; the page needs a fresh start.